 Dungeon Crawl Stone Soup version 0.20.0-10-g0535bb4 (webtiles) character file.

230080 Lochraine the Eclecticist (level 18, 0/113 HPs)
             Began as a Deep Elf Air Elementalist on June 5, 2017.
             Was the Champion of Vehumet.
             Blown up by an orb spider (44 damage)
             ... with an orb of destruction
             ... on level 4 of the Spider Nest.
             The game lasted 02:45:01 (49160 turns).

Lochraine the Eclecticist (DEAE)                   Turns: 49160, Time: 02:45:03

Health: 0/113      AC: 12    Str:  5      XL:     18   Next: 75%
Magic:  13/45      EV: 24    Int: 29      God:    Vehumet [******]
Gold:   3208       SH: 11    Dex: 14 (15) Spells: 2/51 levels left

rFire    + . .     SeeInvis .   a - staff of energy {!a}
rCold    . . .     Gourm    .   A - +1 buckler
rNeg     . . .     Faith    .   r - +3 leather armour {rF+}
rPois    +         Spirit   .   X - +0 Maxwell's etheric cage {RegenMP+ *Contam rElec MP+4}
rElec    +         Reflect  +   W - +0 cloak {MR+}
rCorr    .         Harm     .   f - +0 pair of gloves
MR       ++...                  Q - +2 pair of boots
Stlth    +++.......             P - +5 amulet of reflection
Regen    0.3/turn               L - ring of poison resistance
MPRegen  0.3/turn               M - +3 ring of evasion

@: lethally poisoned (0 -> -7)
A: no striking features
}: 1/15 runes: decaying
a: Renounce Religion


You were on level 4 of the Spider Nest.
You worshipped Vehumet.
Vehumet was exalted by your worship.
You were hungry.

You visited 7 branches of the dungeon, and saw 34 of its levels.

You collected 3523 gold pieces.
You spent 315 gold pieces at shops.

Inventory:

Hand Weapons
 N - the +1 mace of Fortitude {flame, MP+9 Str+4}
   (You found it on level 2 of the Lair of Beasts)

   It has been specially enchanted to burn those struck by it, causing extra
   injury to most foes and up to half again as much damage against particularly
   susceptible opponents.
   It affects your strength (+4).
   It affects your magic capacity (+9).
Armour
 f - a +0 pair of gloves (worn)
   (You took it off Nikola on level 2 of the Swamp)
 o - a +1 shield of protection
   (You acquired it on level 8 of the Dungeon)
 r - a +3 leather armour of fire resistance (worn)
   (You took it off Duvessa on level 6 of the Dungeon)
 A - a +1 buckler (worn)
   (You found it on level 4 of the Dungeon)
 Q - a +2 pair of boots (worn)
   (You found it on level 12 of the Dungeon)
 W - a +0 cloak of magic resistance (worn)
   (You took it off Nikola on level 2 of the Swamp)
 X - the +0 Maxwell's etheric cage (worn) {RegenMP+ *Contam rElec MP+4}
   (You found it on level 6 of the Lair of Beasts)

   It insulates you from electricity.
   It affects your magic capacity (+4).
   It causes magical contamination when unequipped.
Magical Staves
 a - an uncursed staff of energy (weapon) {!a}
   (You acquired it on level 12 of the Dungeon)
Jewellery
 w - an uncursed ring of wizardry
   (You found it on level 1 of the Spider Nest)
 y - an uncursed ring of flight
   (You found it on level 1 of the Spider Nest)
 K - an uncursed ring of protection from cold
   (You found it on level 1 of the Spider Nest)
 L - a ring of poison resistance (left hand)
   (You found it on level 4 of the Swamp)
 M - a +3 ring of evasion (right hand)
   (You found it on level 2 of the Elven Halls)
 P - a +5 amulet of reflection (around neck)
   (You found it on level 3 of the Swamp)
 Z - an uncursed ring of protection from fire
   (You found it on level 3 of the Swamp)
Wands
 c - a wand of disintegration (9/24)
   (You found it on level 3 of the Swamp)
 d - a wand of iceblast (3/15)
   (You took it off Erica on level 1 of the Orcish Mines)
 x - a wand of acid (11/15)
   (You found it on level 1 of the Swamp)
 J - a wand of paralysis (6/24)
   (You found it on level 10 of the Dungeon)
 R - a wand of acid (6/15)
   (You found it on level 13 of the Dungeon)
 S - a wand of lightning (0/15)
   (You found it on level 5 of the Lair of Beasts)
 V - a wand of scattershot (3/9)
   (You found it on level 6 of the Lair of Beasts)
 Y - a wand of clouds (7/9)
   (You found it on level 1 of the Spider Nest)
Scrolls
 b - a scroll of blinking
 i - 4 scrolls of teleportation {@r4}
 j - 3 scrolls of fog
 k - 3 scrolls of recharging
 z - 2 scrolls of enchant weapon
 B - a scroll of brand weapon
 E - 3 scrolls of magic mapping
 F - 12 scrolls of remove curse {@r2}
 H - 7 scrolls of identify {@r1}
 T - a scroll of holy word
Potions
 e - a potion of magic
 g - 4 potions of heal wounds {@q2}
 h - 7 potions of brilliance
 l - 2 potions of invisibility
 m - 7 potions of lignification {!q}
 n - 6 potions of might
 s - 8 potions of agility
 t - 3 potions of resistance
 v - 6 potions of mutation {!q}
 D - 4 potions of cancellation
 G - 5 potions of flight
 I - 2 potions of haste {@q3}
 U - 6 potions of curing {@q1}
Books
 O - a book of Alchemy
   (You found it on level 1 of the Swamp)
Comestibles
 p - 23 meat rations
 q - 22 bread rations
 u - a royal jelly
 C - 7 fruits


   Skills:
 + Level 12.9 Fighting
 - Level 2.2 Staves
 + Level 15.9 Dodging
 - Level 6.1 Stealth
 - Level 4.0 Shields
 - Level 17.2 Spellcasting
 + Level 15.8 Conjurations
 - Level 6.8 Hexes
 - Level 11.2 Summonings
 + Level 1.0 Necromancy
 - Level 3.1 Transmutations
 * Level 9.3 Fire Magic
 - Level 1.5 Ice Magic
 - Level 10.9 Air Magic
 - Level 5.4 Poison Magic
 - Level 3.0 Evocations


You had 2 spell levels left.
You knew the following spells:

 Your Spells              Type           Power        Failure   Level  Hunger
a - Airstrike             Air            ######....   1%          4    None
b - Poison Arrow          Conj/Pois      ######....   1%          6    None
c - Ignite Poison         Fire/Tmut/Pois ######..     1%          3    None
d - Lightning Bolt        Conj/Air       #######...   1%          5    None
e - Static Discharge      Conj/Air       #######.     1%          3    None
f - Freezing Cloud        Conj/Ice/Air   ######....   2%          6    None
g - Spellforged Servitor  Conj/Summ      #######...   2%          7    None
h - Shock                 Conj/Air       ####         0%          1    None
i - Sublimation of Blood  Necr           ####......   3%          2    None
r - Fulminant Prism       Conj/Hex       ######....   1%          4    None
s - Swiftness             Chrm/Air       ######..     1%          2    None
t - Bolt of Fire          Conj/Fire      #######...   1%          6    None


Dungeon Overview and Level Annotations

Branches:
Dungeon (15/15)            Temple (1/1) D:6            Lair (6/6) D:8
  Swamp (4/4) Lair:4       Spider (4/4) Lair:4        Slime (0/5) Lair:5
    Orc (2/2) D:11            Elf (2/3) Orc:2        Vaults (0/5) D:13
 Depths (0/5) D:15

Altars:
Ashenzari
Cheibriados
Dithmenos
Elyvilon
Fedhas
Gozag
Hepliaklqana
Kikubaaqudgha
Makhleb
Nemelex Xobeh
Okawaru
Qazlal
Ru
Sif Muna
Trog
Uskayaw
Vehumet
Xom
Yredelemnul
Zin
The Shining One
Beogh
Jiyva

Shops:
D:14 *   Orc:1 :   Orc:2 ([(   Elf:1 %

Portals:
Trove: D:14 (give +2 gold dragon scales)

Annotations:
D:5 2 runed doors
Elf:2 5 runed doors


Message History

Vehumet accepts your kill.
Your Necromancy skill increases to level 1!
Unknown command.
Aim: a moth of wrath The bolt of fire hits the redback.
You kill the redback!
Vehumet accepts your kill.
The bolt of fire hits the moth of wrath.
You feel sick.
You struggle to detach yourself from the web.
You feel sick.
The orb spider spins a strand of pure energy.
The moth of wrath goads the redback on!
The redback goes berserk!
The redback misses you.
A jumping spider comes into view.
You disentangle yourself.
You feel sick. You block the redback's attack.
The orb spider spins a strand of pure energy.
Your spellforged servitor points at the moth of wrath and mumbles some strange words.
The freezing blast engulfs the moth of wrath.
The redback closely misses you.
Aim: a moth of wrath (freezing vapour, severely wounded)
Okay, then.
Unknown command.
Unknown command.
You feel sick. The redback misses you.
The moth of wrath is engulfed in freezing vapours.
The moth of wrath dies!
Vehumet accepts your kill.
The orb spider weaves a glowing orb of energy.
The orb spider is engulfed in freezing vapours.
The orb spider weaves a glowing orb of energy.
An orb of destruction comes into view.
Aim: a redback (berserk, fast, unusually strong)
The poison arrow hits the redback.
The redback looks as sick as possible!
You kill the redback!
Vehumet accepts your kill.
You feel sick.
An orb spider comes into view.
Aim: an orb spider (almost dead)
The poison arrow hits the orb spider.
The orb spider looks as sick as possible!
You kill the orb spider!
Vehumet accepts your kill.
You feel your power returning.
You feel sick.
The jumping spider closely misses your spellforged servitor.
The jumping spider misses your spellforged servitor.
The orb spider is engulfed in freezing vapours.
The orb spider spins a strand of pure energy. x2
You found a web!
You feel sick. The orb of destruction hits you!
You die...

### .^.###
......### ##
..s§..§.. ^##
...§s§.. #..
.§†§.. .. . #§§##
.# ...
#^|§##.#...
#.s§§@##.#.#
#..#8....#...
.#.^###......##
#...#....#^)....
#.s #..#^#...#.#
#...###.....#.#^
..#...^...#^.#..
.....##^.#.##....
#†...##..^#....


You could see 2 orb spiders, a jumping spider and a friendly spellforged
servitor.

Vanquished Creatures
  Nikola (Swamp:2)
  Rupert (Lair:6)
  A deep elf blademaster (Elf:1)
  Frances (Spider:2)
  The ghost of vuolankoinen the Peltast, an adept HuWn of Ashenzari (Elf:2)
  2 thorn hunters
  Agnes (Spider:4)
  Donald (Orc:2)
  A frost giant (D:15)
  A deep elf sorcerer (Elf:1)
  An emperor scorpion (Spider:1)
  A stone giant (Orc:1)
  A deep elf elementalist (Elf:2)
  6 entropy weavers
  Azrael (Orc:2)
  3 deep elf demonologists (Elf:1)
  Nessos (D:15)
  2 spark wasps
  Josephine (Lair:6)
  21 hydras
  Erica (Orc:1)
  5 centaur warriors
  3 two-headed ogres
  7 dancing weapons
  5 alligators
  A queen ant (Spider:1)
  17 death yaks
  6 deep elf knights
  2 unseen horrors
  A shambling mangrove (Swamp:1)
  13 deep elf archers
  A wizard (D:15)
  12 swamp dragons
  3 orc sorcerers
  8 orc knights
  8 orb spiders
  25 wolf spiders
  7 ugly things
  3 cyclopes
  29 deep elf magi
  6 manticores
  3 oklob plants
  3 black mambas
  5 elephants (Lair:6)
  4 gargoyles
  A torpor snail (Lair:5)
  31 spiny frogs
  12 rime drakes
  10 komodo dragons
  8 demonic crawlers
  A yaktaur (D:15)
  A tengu conjurer (D:13)
  6 meliai
  A polar bear (shapeshifter) (D:14)
  6 trolls
  30 jumping spiders
  A meliai (shapeshifter) (D:13)
  8 hornets
  12 slime creatures
  6 bog bodies
  9 tyrant leeches
  40 blink frogs
  2 dream sheep (Lair:5)
  17 hippogriffs
  A meliai zombie (D:13)
  2 shadows
  2 vampires
  An air elemental (Elf:2)
  4 hogs (D:7)
  22 tarantellas
  71 redbacks
  Sigmund (D:6)
  5 spriggans
  4 water elementals
  A basilisk (shapeshifter) (D:14)
  6 wraiths
  60 yaks
  The ghost of maggai the Bolt Thrower, an amateur CeHu (D:3)
  6 wyverns
  5 fire elementals
  A human (D:7)
  A steam dragon (Lair:4)
  15 basilisks
  5 hungry ghosts
  7 wargs
  Menkaure (D:6)
  11 swamp worms
  20 vampire mosquitoes
  18 insubstantial wisps
  Duvessa (D:6)
  A water moccasin (shapeshifter) (D:14)
  5 hell hounds
  4 soldier ants (Spider:1)
  17 water moccasins
  9 porcupines
  14 swamp drakes
  43 orc warriors
  3 phantoms
  2 eyes of draining (D:11)
  6 ice beasts
  7 ogres
  An eye of draining (shapeshifter) (D:13)
  4 sky beasts
  5 wolves
  15 centaurs
  20 crocodiles
  24 bullfrogs
  A gnoll sergeant (D:8)
  4 earth elementals
  Dowan (D:6)
  A wyvern zombie (D:13)
  5 scorpions
  13 killer bees
  4 wights (D:10)
  4 electric eels
  2 howler monkeys (D:6)
  10 crimson imps
  3 jellies
  5 centaur skeletons
  18 orc priests
  3 centaur zombies
  7 hounds
  24 orc wizards
  9 iguanas
  18 worker ants
  2 killer bee zombies
  A hound skeleton (D:6)
  A howler monkey zombie (D:9)
  6 worker ant zombies
  14 gnolls
  10 adders
  4 shadow imps
  A white imp (D:8)
  2 ufetubi (D:8)
  An adder skeleton (D:5)
  4 worms
  3 dart slugs
  7 leopard geckos
  132 orcs
  2 bats
  2 giant cockroaches
  15 hobgoblins
  20 jackals
  11 kobolds
  2 quokkas
  3 ball pythons
  10 frilled lizards
  5 goblins
  A quokka zombie (D:5)
  7 rats
  5 fungi
  4 plants
1288 creatures vanquished.

Vanquished Creatures (collateral kills)
  the Lernaean hydra (Swamp:4)
  Arachne (Spider:4)
  An entropy weaver (Spider:3)
  A ghost crab (Swamp:4)
  A hydra (Swamp:4)
  An alligator (Swamp:4)
  3 swamp dragons (Swamp:4)
  5 wolf spiders
  2 orb spiders
  A moth of wrath (Spider:4)
  A komodo dragon (Lair:2)
  3 jumping spiders
  2 demonic crawlers
  13 redbacks
  4 tarantellas (Spider:3)
  13 soldier ants (Spider:1)
  A crocodile (Lair:2)
  3 worker ants (Spider:1)
57 creatures vanquished.

Vanquished Creatures (others)
  A hornet (Swamp:2)
  A blink frog (Lair:6)
  A spriggan (Swamp:2)
  An orc (D:8)
  60 fulminant prisms
  29 fungi
  78 plants
171 creatures vanquished.

Grand Total: 1516 creatures vanquished

Notes
Turn   | Place    | Note
-------+----------+-------------------------------------------
     0 | D:1      | Lochraine the Deep Elf Air Elementalist began the quest for the Orb.
     0 | D:1      | Reached XP level 1. HP: 10/10 MP: 6/6
   283 | D:1      | Reached XP level 2. HP: 15/15 MP: 8/8
   343 | D:1      | Learned a level 2 spell: Swiftness
   866 | D:2      | Reached XP level 3. HP: 19/19 MP: 1/10
  1074 | D:2      | Found a glowing silver altar of Zin.
  1275 | D:2      | Reached skill level 4 in Spellcasting
  1352 | D:2      | Learned a level 3 spell: Static Discharge
  1485 | D:2      | Reached XP level 4. HP: 23/24 MP: 4/12
  1822 | D:3      | Noticed maggai's ghost (amateur CeHu)
  1935 | D:3      | Reached XP level 5. HP: 23/28 MP: 8/14
  2215 | D:3      | Learned a level 4 spell: Airstrike
  2220 | D:3      | Reached skill level 5 in Spellcasting
  2266 | D:3      | Found a shimmering altar of Xom.
  2276 | D:3      | Found a stormy altar of Qazlal.
  2401 | D:3      | Killed maggai's ghost
  2401 | D:3      | Reached XP level 6. HP: 15/32 MP: 4/16
  2779 | D:3      | Learned a level 5 spell: Lightning Bolt
  3604 | D:4      | Reached skill level 6 in Spellcasting
  3817 | D:4      | Reached skill level 5 in Air Magic
  4416 | D:4      | Reached XP level 7. HP: 16/36 MP: 15/18
  4971 | D:5      | Entered Level 5 of the Dungeon
  4979 | D:5      | Reached skill level 1 in Shields
  5607 | D:5      | Reached skill level 5 in Conjurations
  5779 | D:5      | Found a runed door.
  6024 | D:5      | Reached skill level 1 in Fighting
  6089 | D:5      | Found a runed door.
  6131 | D:5      | Found a glowing golden altar of the Shining One.
  6151 | D:5      | Reached XP level 8. HP: 43/43 MP: 7/20
  7023 | D:6      | Noticed Sigmund
  7152 | D:6      | Noticed Duvessa
  7153 | D:6      | Killed Sigmund
  7154 | D:6      | Noticed Dowan
  7258 | D:6      | Noticed Menkaure
  7263 | D:6      | Killed Duvessa
  7352 | D:6      | Killed Dowan
  7776 | D:6      | Killed Menkaure
  8087 | D:6      | Found a staircase to the Ecumenical Temple.
  8335 | D:7      | Reached XP level 9. HP: 49/49 MP: 13/21
  8717 | Temple   | Entered the Ecumenical Temple
  8832 | Temple   | Became a worshipper of Vehumet
  9047 | D:7      | Reached skill level 5 in Dodging
  9623 | D:7      | Found a deep blue altar of Sif Muna.
  9832 | D:8      | Found a sparkling altar of Nemelex Xobeh.
 10246 | D:8      | Identified a scroll of acquirement
 10283 | D:8      | Reached XP level 10. HP: 58/58 MP: 16/22
 10290 | D:8      | Found a staircase to the Lair.
 10339 | D:8      | Reached * piety under Vehumet
 10339 | D:8      | Offered knowledge of Sting by Vehumet.
 10816 | D:8      | Learned a level 1 spell: Sting
 10839 | D:8      | Reached skill level 5 in Fighting
 11123 | D:8      | Reached skill level 7 in Spellcasting
 11186 | D:8      | Found a blossoming altar of Fedhas.
 11510 | D:9      | Got a steaming plate armour
 11511 | D:9      | Identified the cursed +0 plate armour of the Sunfish {SInv} (You found it on level 9 of the Dungeon)
 12124 | D:9      | Found a basalt altar of Yredelemnul.
 12324 | D:10     | Entered Level 10 of the Dungeon
 12357 | D:10     | Offered knowledge of Flame Tongue by Vehumet.
 12359 | D:10     | Reached ** piety under Vehumet
 12828 | D:10     | Noticed a manticore
 13180 | D:10     | Reached skill level 8 in Spellcasting
 13557 | D:10     | Reached XP level 11. HP: 36/64 MP: 17/25
 13651 | D:10     | Found a sparkling altar of Nemelex Xobeh.
 14771 | Lair:1   | Entered Level 1 of the Lair of Beasts
 14925 | Lair:1   | Offered knowledge of Inner Flame by Vehumet.
 15320 | Lair:1   | Reached skill level 9 in Spellcasting
 16070 | Lair:1   | Reached *** piety under Vehumet
 16339 | Lair:2   | Noticed an eight-headed hydra
 16344 | Lair:2   | Killed an eight-headed hydra
 16482 | Lair:2   | Got a bloodstained mace
 16483 | Lair:2   | Identified the cursed +1 mace of Fortitude {flame, MP+9 Str+4} (You found it on level 2 of the Lair of Beasts)
 17013 | Lair:2   | Reached skill level 10 in Spellcasting
 17013 | Lair:2   | Reached skill level 10 in Conjurations
 17607 | Lair:3   | Noticed a five-headed hydra
 17625 | Lair:3   | Killed a five-headed hydra
 18039 | Lair:3   | Noticed a five-headed hydra
 18042 | Lair:3   | Killed a five-headed hydra
 18042 | Lair:3   | Reached XP level 12. HP: 47/72 MP: 27/28
 18824 | Lair:3   | Reached skill level 10 in Dodging
 19367 | Lair:4   | Found a hole to the Spider Nest.
 19513 | Lair:4   | Offered knowledge of Dazzling Spray by Vehumet.
 19545 | Lair:4   | Reached skill level 11 in Spellcasting
 19702 | Lair:3   | Noticed a six-headed hydra
 19705 | Lair:3   | Killed a six-headed hydra
 19757 | Lair:3   | Learned a level 3 spell: Dazzling Spray
 20310 | Lair:4   | Found a staircase to the Swamp.
 20565 | Lair:4   | Noticed a six-headed hydra
 20578 | Lair:4   | Killed a six-headed hydra
 20850 | Lair:4   | Reached **** piety under Vehumet
 21098 | Lair:4   | Reached skill level 12 in Spellcasting
 21390 | Lair:4   | Offered knowledge of Yara's Violent Unravelling by Vehumet.
 21403 | Lair:4   | Learned a level 5 spell: Yara's Violent Unravelling
 21409 | Lair:4   | Reached XP level 13. HP: 62/79 MP: 16/31
 21511 | Lair:4   | Reached skill level 1 in Hexes
 21512 | Lair:4   | Reached skill level 1 in Transmutations
 22987 | Lair:5   | Found a radiant altar of Vehumet.
 23741 | Lair:5   | Reached ***** piety under Vehumet
 23741 | Lair:5   | Offered knowledge of Fulminant Prism by Vehumet.
 23773 | Lair:5   | Learned a level 4 spell: Fulminant Prism
 24243 | Lair:5   | Found a viscous altar of Jiyva.
 24243 | Lair:5   | Found a staircase to the Slime Pits.
 24303 | Lair:6   | Entered Level 6 of the Lair of Beasts
 24736 | Lair:6   | Reached skill level 13 in Spellcasting
 25052 | Lair:6   | Reached skill level 5 in Hexes
 25055 | Lair:6   | Reached skill level 1 in Evocations
 25450 | Lair:6   | Noticed Josephine
 25455 | Lair:6   | Killed Josephine
 26109 | Lair:6   | Reached XP level 14. HP: 49/86 MP: 17/33
 26770 | Lair:5   | Reached skill level 10 in Air Magic
 26967 | Lair:6   | Offered knowledge of Poison Arrow by Vehumet.
 28179 | Lair:6   | Noticed Rupert
 28680 | Lair:6   | Learned a level 6 spell: Poison Arrow
 28807 | Lair:6   | Reached skill level 1 in Poison Magic
 28887 | Lair:6   | Killed Rupert
 28887 | Lair:6   | Reached skill level 10 in Fighting
 28887 | Lair:6   | Reached skill level 5 in Stealth
 29521 | Lair:6   | Got an iridescent long sword
 29642 | Lair:6   | Identified the +2 long sword of the Eternal Warrior {freeze, Dex+4} (You found it on level 6 of the Lair of Beasts)
 30327 | D:11     | Found a staircase to the Orcish Mines.
 30632 | D:11     | Reached XP level 15. HP: 92/92 MP: 30/34
 31062 | D:11     | Reached skill level 5 in Poison Magic
 31693 | D:12     | Reached ****** piety under Vehumet
 31697 | D:12     | Offered knowledge of Bolt of Fire by Vehumet.
 31705 | D:12     | Learned a level 6 spell: Bolt of Fire
 32197 | D:13     | Reached skill level 1 in Fire Magic
 32256 | D:13     | Found a gate to the Vaults.
 32261 | D:13     | Reached skill level 1 in Staves
 33254 | D:14     | Found a portal to a secret trove of treasure.
 33796 | D:14     | Found Iuarejieno's Incredible Inventory.
 33894 | D:14     | Bought a potion of invisibility for 112 gold pieces
 33894 | D:14     | Bought a scroll of identify for 28 gold pieces
 34168 | D:15     | Entered Level 15 of the Dungeon
 34375 | D:15     | Noticed Nessos
 34376 | D:15     | Killed Nessos
 34669 | D:14     | Reached skill level 5 in Fire Magic
 35124 | D:15     | Offered knowledge of Freezing Cloud by Vehumet.
 35249 | D:15     | Reached skill level 14 in Spellcasting
 35347 | D:15     | Found a staircase to the Depths.
 35347 | D:15     | Noticed a frost giant
 35352 | D:15     | Killed a frost giant
 35513 | D:15     | Learned a level 6 spell: Freezing Cloud
 35941 | Orc:1    | Entered Level 1 of the Orcish Mines
 36155 | Orc:1    | Found Gutifiny's Book Emporium.
 36239 | Orc:1    | Noticed Erica
 36241 | Orc:1    | Killed Erica
 36385 | Orc:2    | Entered Level 2 of the Orcish Mines
 36507 | Orc:1    | Reached skill level 1 in Ice Magic
 36786 | Orc:2    | Reached XP level 16. HP: 57/99 MP: 20/36
 36788 | Orc:2    | Offered knowledge of Spellforged Servitor by Vehumet.
 36956 | Orc:1    | Learned a level 7 spell: Spellforged Servitor
 37012 | Orc:2    | Found Hyxuokev's Magic Scroll Shop.
 37012 | Orc:2    | Found Ofituif's Weapon Emporium.
 37038 | Orc:2    | Found a roughly hewn altar of Beogh.
 37169 | Orc:2    | Reached skill level 1 in Summonings
 37210 | Orc:2    | Found a staircase to the Elven Halls.
 37397 | Orc:2    | Noticed Donald
 37415 | Orc:2    | Killed Donald
 37513 | Orc:2    | Noticed Azrael
 37530 | Orc:2    | Found Vearghips's Antique Weapon Shop.
 37530 | Orc:2    | Found Sonun's Antique Armour Emporium.
 37599 | Orc:2    | Bought a runed scale mail for 175 gold pieces
 37674 | Orc:2    | Killed Azrael
 37710 | Orc:2    | Found a burning altar of Makhleb.
 37910 | Elf:1    | Entered Level 1 of the Elven Halls
 38024 | Elf:1    | Reached skill level 15 in Spellcasting
 38047 | Elf:1    | Found Qihaga's Food Emporium.
 38125 | Elf:1    | Reached skill level 5 in Summonings
 38369 | Elf:1    | Noticed a deep elf blademaster
 38377 | Elf:1    | Killed a deep elf blademaster
 38390 | Elf:1    | Offered knowledge of Bolt of Cold by Vehumet.
 38488 | Elf:1    | Noticed an Ice Fiend
 39438 | Elf:2    | Found a huge runed gate.
 39438 | Elf:2    | Found a huge runed gate.
 39438 | Elf:2    | Found a huge runed gate.
 39438 | Elf:2    | Found a huge runed gate.
 39439 | Elf:2    | Found a huge runed gate.
 39674 | Elf:2    | Noticed vuolankoinen's ghost (adept HuWn)
 39800 | Elf:2    | Killed vuolankoinen's ghost
 40962 | Swamp:1  | Entered Level 1 of the Swamp
 41323 | Swamp:1  | Reached XP level 17. HP: 95/106 MP: 30/38
 41902 | Swamp:2  | Noticed Nikola
 42539 | Swamp:2  | Offered knowledge of Ozocubu's Refrigeration by Vehumet.
 42555 | Swamp:1  | Learned a level 3 spell: Ignite Poison
 42698 | Swamp:2  | Reached skill level 16 in Spellcasting
 42957 | Swamp:2  | Killed Nikola
 43619 | Swamp:4  | Entered Level 4 of the Swamp
 43867 | Swamp:4  | Reached skill level 10 in Summonings
 44289 | Swamp:4  | Offered knowledge of Fire Storm by Vehumet.
 44289 | Swamp:4  | Offered knowledge of Glaciate by Vehumet.
 44289 | Swamp:4  | Offered knowledge of Tornado by Vehumet.
 44304 | Swamp:4  | Noticed the 27-headed Lernaean hydra
 44318 | Swamp:4  | Killed the 27-headed Lernaean hydra
 44446 | Swamp:4  | Reached skill level 15 in Conjurations
 44565 | Swamp:4  | Got a decaying rune of Zot
 44993 | Spider:1 | Entered Level 1 of the Spider Nest
 45426 | Spider:1 | Reached skill level 15 in Dodging
 45662 | Spider:1 | Reached XP level 18. HP: 112/112 MP: 24/40
 46381 | Spider:2 | Reached skill level 17 in Spellcasting
 46548 | Spider:2 | Noticed Frances
 46549 | Spider:2 | Killed Frances
 48957 | Spider:4 | Entered Level 4 of the Spider Nest
 49007 | Spider:4 | Learned a level 2 spell: Sublimation of Blood
 49146 | Spider:4 | Noticed Arachne
 49152 | Spider:4 | Noticed Agnes
 49153 | Spider:4 | Killed Agnes
 49153 | Spider:4 | Killed Arachne
 49153 | Spider:4 | Reached skill level 1 in Necromancy
 49160 | Spider:4 | Blown up by an orb spider

Skill      XL: |  1  2  3  4  5  6  7  8  9 10 11 12 13 14 15 16 17 18 |
---------------+-------------------------------------------------------+-----
Spellcasting   | 4 5 6 8 10 12 13 14 15 16 17 | 17.2
Conjurations   | 2 3 4 5 6 8 9 10 11 12 13 14 15 | 15.8
Air Magic      | 4 5 6 7 8 9 10 | 10.9
Shields        | 2 4 |  4.0
Fighting       | 1 2 4 5 7 8 9 10 11 12 | 12.9
Dodging        | 4 6 8 9 11 12 13 14 15 | 15.9
Hexes          | 5 6 |  6.8
Transmutations | 3 |  3.1
Evocations     | 2 3 |  3.0
Stealth        | 6 |  6.1
Poison Magic   | 4 5 |  5.4
Fire Magic     | 6 9 |  9.3
Staves         | 2 |  2.2
Ice Magic      | 1 |  1.5
Summonings     | 8 11 | 11.2
Necromancy     | 1 |  1.0

Action                   |  1- 3 |  4- 6 |  7- 9 | 10-12 | 13-15 | 16-18 || total
-------------------------+-------+-------+-------+-------+-------+-------++-------
Melee: Dagger            |     2 |       |       |       |       |       ||     2
       Hand axe          |     7 |       |       |       |       |       ||     7
       Whip              |       |   138 |    95 |   122 |       |       ||   355
       Mace              |       |       |       |    29 |    89 |     7 ||   125
       Staff             |       |       |       |       |     3 |       ||     3
 Cast: Shock             |    59 |    81 |   225 |   206 |       |       ||   571
       Airstrike         |       |     2 |    40 |   233 |   571 |   260 ||  1106
       Static Discharge  |       |     1 |     2 |    22 |    29 |     3 ||    57
       Sting             |       |       |       |    22 |     4 |       ||    26
       Lightning Bolt    |       |       |       |    48 |   121 |     3 ||   172
       Dazzling Spray    |       |       |       |     9 |    26 |       ||    35
       Fulminant Prism   |       |       |       |       |    57 |     3 ||    60
       Poison Arrow      |       |       |       |       |    82 |   362 ||   444
       Swiftness         |       |       |       |       |     1 |       ||     1
       Bolt of Fire      |       |       |       |       |    19 |   146 ||   165
       Freezing Cloud    |       |       |       |       |     7 |    20 ||    27
       Ignite Poison     |       |       |       |       |       |    46 ||    46
       Spellforged Servi |       |       |       |       |       |    15 ||    15
Evoke: Wand              |       |       |       |     5 |    13 |     1 ||    19
       Phantom mirror    |       |       |       |       |       |     1 ||     1
  Use: Scroll            |       |     5 |    13 |    13 |    24 |     9 ||    64
       Potion            |       |       |       |     6 |     1 |     4 ||    11
 Stab: Sleeping          |     3 |     9 |     3 |     3 |       |       ||    18
       Distracted        |       |       |     1 |     2 |       |       ||     3
       Invisible         |       |       |       |     1 |       |       ||     1
       Paralysed         |       |       |       |       |     2 |       ||     2
  Eat: Chunk             |     2 |     9 |    16 |    30 |    44 |    27 ||   128
       Royal jelly       |       |       |     3 |     8 |     2 |     5 ||    18
       Fruit             |       |       |       |       |     6 |     8 ||    14
Armor: Robe              |     2 |    23 |    17 |       |       |       ||    42
       Leather armour    |       |     2 |    17 |    43 |    42 |    61 ||   165
       Skin              |       |       |       |       |     3 |       ||     3
Dodge: Dodged            |     6 |    97 |    85 |   216 |   313 |   305 ||  1022
Block: Buckler           |       |     7 |    27 |    70 |    86 |   135 ||   325
       Reflection        |       |       |       |       |       |     1 ||     1
